[Event "*** Titled Tuesday 3|2 Blitz"]
[Site "Chess.com"]
[Date "2016.01.05"]
[Round "3"]
[White "AlexanderL"]
[Black "JusticeBot"]
[Result "1-0"]
[WhiteElo "2601"]
[BlackElo "2479"]
[TimeControl "180+2"]
[EndTime "17:37:51 PST"]
[Termination "AlexanderL won by resignation"]

1. d4 Nf6 2. c4 e6 3. Nc3 Bb4 4. Qc2 O-O 5. Nf3 c5 6. dxc5 Na6 7. g3 Nxc5 8. Bg2 b6 9. O-O Bb7 10. Nb5 Be4 11. Qd1 Nb7 12. a3 Be7 13. Bf4 d6 14. Rc1 a6 15. Nc3 Bc6 16. b4 Qc8 17. Qb3 Rd8 18.
Rfd1 e5 19. Be3 Qc7 20. Nd5 Bxd5 21. cxd5 Qd7 22. Bxb6 Rdc8 23. Rc6 Nd8 24. Bxd8 Bxd8 25. Rdc1 Rcb8 26. Nd2 a5 27. Nc4 axb4 28. axb4 Ne8 29. b5 Rb7 30. b6 Rab8 31. Rb1 h5 32.
Qe3 Ra8 33. Qc3 g6 34. Ra1 Rab8 35. Qb4 Kg7 36. Rb1 Ra8 37. Nxd6 Nxd6 38. Rxd6 Qe7 39.
Rc6 Qxb4 40. Rxb4 Ra1+ 41. Bf1 Rd1 42. e4 h4 43. gxh4 Rd2 44. Rb3 Bxh4 45. Rf3 Rb2 46. Rc7 R2xb6 47. Rfxf7+ 1-0

[Event "*** Titled Tuesday 3|2 Blitz"]
[Site "Chess.com"]
[Date "2016.01.05"]
[Round "3"]
[White "alex_zapata"]
[Black "Jahonas"]
[Result "1/2-1/2"]
[WhiteElo "2185"]
[BlackElo "2097"]
[TimeControl "180+2"]
[EndTime "17:37:58 PST"]
[Termination "Game drawn by agreement"]

1. e4 c5 2. Nf3 d6 3. d4 cxd4 4. Nxd4 Nf6 5. Nc3 a6 6. Bg5 e6 7. f4 Nbd7 8. Qf3 Qc7 9. O-O-O Be7 10. Bd3 b5 11. Rhe1 Bb7 12. Qg3 Nc5 13. e5 Nxd3+ 14. Rxd3 dxe5 15. fxe5 Nh5 16. Qh4 Bxg5+ 17. Qxg5 g6 18.
Ndxb5 axb5 19. g4 Qe7 20. Qxe7+ Kxe7 21. gxh5 b4 22. Nb5 Rxa2 23. Rb3 Rd8 24. Nd6 Ra1+ 25. Kd2 Ra4 26. Rd3 Ba6 27. Rd4 Ra2 28. hxg6 hxg6 29.
Rxb4 f6 30. Kc3 fxe5 31. Ne4 Ra5 32. Rb6 Rc8+ 33. Kb4 Ra2 34. b3 Rcxc2 35. Nc5 Bc8 36. Rxe5 Re2 37. Rxe2 Rxe2 38. Rc6 Kd8 39. Kc3 Rxh2 40.
Nxe6+ Bxe6 41. Rxe6 Rg2 42. b4 Kc7 43. b5 Rg4 44. Rf6 Kb7 45. Kb3 Kc7 46. Kc3 Kb7 47.
Rc6 g5 48. Rg6 Kc7 49. Kd3 Kb7 50. Ke3 Rb4 51. Rxg5 Kb6 1/2-1/2

[Event "*** Titled Tuesday 3|2 Blitz"]
[Site "Chess.com"]
[Date "2016.01.05"]
[Round "3"]
[White "oskariot"]
[Black "wonderfultime"]
[Result "0-1"]
[WhiteElo "2337"]
[BlackElo "2627"]
[TimeControl "180+2"]
[EndTime "17:38:00 PST"]
[Termination "wonderfultime won by resignation"]

1. e4 c5 2. Nf3 d6 3. d4 cxd4 4. Nxd4 Nf6 5. Nc3 g6 6. Be3 Bg7 7. f3 Nc6 8. Qd2 O-O 9. Bc4 Bd7 10. h4 Rc8 11. Bb3 Ne5 12. O-O-O Nc4 13. Bxc4 Rxc4 14. h5 Qa5 15. Nb3 Qc7 16. hxg6 fxg6 17. Bh6 Be6 18.
Bxg7 Kxg7 19. Nd4 Bf7 20. e5 dxe5 21. Qh6+ Kg8 22. Ne4 Rc8 23. Nxf6+ exf6 24. Qxh7+ Kf8 25. Nb3 Rxc2+ 26. Kb1 Rxg2 27. Rc1 Rc2 28. Qh8+ Ke7 29. Qxc8 Qxc8 30. Rxc2 Qf5 31. Rc1 Bd5 32. Ka1 Qxf3 33. Rc7+ Kd6 34. Rc8 Bc6 35. Rf8 Ke7 36. Rh8 g5 37. Rh7+ Kd6 38. Nc5 Qe3 39. Nb3 g4 40. Rd1+ Ke6 41. Rg7 g3 42. Rg6 g2 43. Rc1 Kf7 44.
Rg4 f5 45. Rh4 g1=Q 0-1

[Event "*** Titled Tuesday 3|2 Blitz"]
[Site "Chess.com"]
[Date "2016.01.05"]
[Round "3"]
[White "Satoshi95"]
[Black "MMSANCHEZ"]
[Result "1-0"]
[WhiteElo "2110"]
[BlackElo "2283"]
[TimeControl "180+2"]
[EndTime "17:38:06 PST"]
[Termination "Satoshi95 won by checkmate"]

1. e4 e6 2. Qe2 c5 3. Nf3 Nc6 4. g3 Nf6 5. Bg2 Be7 6. O-O O-O 7. d3 d6 8. c3 e5 9. Nbd2 Bg4 10. h3 Bh5 11. g4 Bg6 12. Nh4 Qd7 13. Nf5 Bxf5 14. exf5 Ne8 15. f4 exf4 16. Ne4 d5 17. Nf2 Bd6 18. Qf3 Nc7 19. Bxf4 Rae8 20. Nh1 Ne5 21. Bxe5 Bxe5 22. Ng3 f6 23. Ne2 Qb5 24. b3 Qa5 25.
d4 Bd6 26. Nf4 Qxc3 27. Qxc3 Nb5 28. Bxd5+ Kh8 29. Qa5 Nxd4 30. Ne6 b6 31. Qxa7 Ne2+ 32. Kf2 Re7 33. Qxe7 Bxe7 34. Nxf8 Nc3 35. Be6 Bxf8 36. a4 h5 37. a5 bxa5 38. Rxa5 Bd6 39. Ra8+ Kh7 40.
Bf7 Kh6 41. h4 g5 42. Bg6 hxg4 43. Rh8+ Kg7 44. Rh7+ Kg8 45. hxg5 Ne4+ 46. Kg2 Nxg5 47. Rd7 Bf8 48. Ra1 g3 49. Raa7 c4 50. bxc4 Bc5 51. Rd8+ Bf8 52. Raa8 Kg7 53. Rxf8 Nh7 54. Rf7+ Kh6 55.
Rxh7+ Kg5 56. Rh5+ Kf4 57. c5 Ke5 58. c6 Kd6 59. c7 Kxc7 60. Ra6 Kb7 61. Re6 Kc7 62. Rh7+ Kd8 63. Re8# 1-0

[Event "*** Titled Tuesday 3|2 Blitz"]
[Site "Chess.com"]
[Date "2016.01.05"]
[Round "3"]
[White "spirals5"]
[Black "pKiLz5Rn9b"]
[Result "1-0"]
[WhiteElo "2223"]
[BlackElo "2356"]
[TimeControl "180+2"]
[EndTime "17:38:09 PST"]
[Termination "spirals5 won by resignation"]

1. e4 e6 2. Nf3 d5 3. Nc3 Nf6 4.
exd5 exd5 5. d4 c6 6. h3 Bb4 7. Bd3 h6 8. O-O O-O 9. Ne2 Bd6 10. Bf4 Re8 11. Bxd6 Qxd6 12. Ng3 Be6 13. c3 Nbd7 14. Re1 Rad8 15. Qd2 c5 16. Ne5 Qb6 17. Nxd7 Nxd7 18. Rab1 Kh8 19. Qf4 Nf6 20. dxc5 Qxc5 21. Re5 Qb6 22.
Qd4 Qxd4 23. cxd4 Ne4 24. Nxe4 dxe4 25. Rxe4 Bxa2 26. Rxe8+ Rxe8 27. Ra1 Bd5 28. Rxa7 g5 29.
Ra1 Kg7 30. Kf1 Kf6 31. f3 Re3 32. Rd1 h5 33. Kf2 Re6 34. b4 h4 35. Rc1 Rb6 36.
b5 Rd6 37. Rc5 b6 38. Rc7 Rd8 39. Ke3 Ra8 40. Rd7 Be6 41. Rd6 Rb8 42. Be4 Ke7 43.
Rc6 f5 44. Bd3 f4+ 45. Ke4 Ra8 46. d5 Bd7 47. Rxb6 Ra2 48. Ke5 Rxg2 49. d6+ Ke8 50. Rb8+ Kf7 51. Rb7 Ke8 52. Bg6+ Kd8 53. Rb8+ Bc8 54.
Bf5 Rc2 55. Rxc8+ Rxc8 56. Bxc8 Kxc8 57. Kf5 1-0

[Event "*** Titled Tuesday 3|2 Blitz"]
[Site "Chess.com"]
[Date "2016.01.05"]
[Round "3"]
[White "Carolina-moon"]
[Black "Piccadilly123"]
[Result "1-0"]
[WhiteElo "2002"]
[BlackElo "1720"]
[TimeControl "180+2"]
[EndTime "17:38:10 PST"]
[Termination "Carolina-moon won by checkmate"]

1. e4 c5 2. Nc3 d6 3. f4 Nf6 4. Nf3 g6 5. Bb5+ Bd7 6. Bxd7+ Qxd7 7. O-O Nc6 8. d3 Bg7 9. a4 a6 10. Qe1 Rb8 11. Qh4 b5 12. axb5 axb5 13. f5 b4 14. Ne2 b3 15. c3 gxf5 16. Ng3 fxe4 17. dxe4 Qg4 18. Nf5 Qxh4 19. Nxg7+ Kf8 20. Nxh4 Kxg7 21. Nf5+ Kg6 22. Rf3 Nxe4 23. Ra6 Ng5 24. Bxg5 Kxg5 25. Rxc6 Rhe8 26. Ne3 Ra8 27. Rg3+ Kf6 28. Nd5+ Ke5 29. c4 Ra1+ 30. Kf2 Rb1 31. Rxb3 Kd4 32. Nc3 Ra1 33. Ra3 Rxa3 34. Nb5+ Kxc4 35. Nxa3+ Kd5 36. Rc7 f5 37.
Nb5 h6 38. b3 e5 39. g3 Rb8 40. Nc3+ Ke6 41. Rh7 Rxb3 42. Rxh6+ Kd7 43. Nd5 Rd3 44. Nb6+ Kc6 45. Nc4 Rd4 46. Nxe5+ Kd5 47. Nf3 Ra4 48. h4 c4 49. Rh8 c3 50. Rc8 Rc4 51. Rxc4 Kxc4 52.
Ne1 d5 53. h5 d4 54. h6 d3 55. h7 c2 56. h8=Q Kb3 57. Qb8+ Ka2 58. Nxd3 Ka3 59. Qb2+ Ka4 60. Qb4# 1-0

[Event "*** Titled Tuesday 3|2 Blitz"]
[Site "Chess.com"]
[Date "2016.01.05"]
[Round "3"]
[White "Malev212"]
[Black "tigra"]
[Result "0-1"]
[WhiteElo "2289"]
[BlackElo "2243"]
[TimeControl "180+2"]
[EndTime "17:38:24 PST"]
[Termination "tigra won on time"]

1. Nf3 d5 2. d4 c5 3. dxc5 Nc6 4. a3 a5 5. Nc3 Nf6 6. Bg5 d4 7. Na4 Ne4 8. Bh4 Bf5 9. Nd2 g5 10. Bg3 Nxg3 11. hxg3 Bg7 12. Nc4 O-O 13. Qd2 h6 14. Nab6 Rb8 15. O-O-O Bg6 16. f4 e6 17. e3 Qe7 18.
Nd6 Qf6 19. e4 Qe7 20. Bd3 f6 21. Kb1 Rbd8 22. Rde1 Qc7 23. Bc4 Rxd6 24. cxd6 Qxb6 25. Bxe6+ Kh7 26. Bd5 a4 27. e5 fxe5 28. fxg5 Nd8 29. gxh6 Bf6 30. d7 Qd6 31. Be4 Bxe4 32. Rxe4 Qxd7 33. Rf1 Ne6 34. Rg4 Kh8 35. Qe2 Qe7 36. Rg6 Nc5 37. Qg4 Nd7 38. Qh5 Qf7 39. Qf5 Qe7 40.
g4 e4 41. Qd5 e3 42. g5 e2 43. Re1 Be5 44. Re6 Qxe6 45. Qxe6 Rf1 46. Qe8+ Kh7 47. Qxd7+ Kg6 48. Qe6+ Kh5 49. Qh3+ Kxg5 0-1

[Event "*** Titled Tuesday 3|2 Blitz"]
[Site "Chess.com"]
[Date "2016.01.05"]
[Round "3"]
[White "Silent_Terror"]
[Black "FairChess_on_YouTube"]
[Result "1/2-1/2"]
[WhiteElo "2421"]
[BlackElo "2757"]
[TimeControl "180+2"]
[EndTime "17:38:28 PST"]
[Termination "Game drawn by repetition"]

1. e4 c5 2. Nf3 e6 3. d4 cxd4 4. Nxd4 Nc6 5. c4 Nf6 6. Nc3 Bb4 7. Nxc6 bxc6 8. Bd3 e5 9. O-O d6 10. Qc2 Bc5 11. Rb1 a5 12. Na4 Bd4 13. c5 d5 14. exd5 Nxd5 15. a3 Qh4 16. Bd2 O-O 17. Bc3 Nf4 18. Be4 Ba6 19. Rfe1 Rad8 20. Rbd1 Ne2+ 21.
Rxe2 Bxe2 22. Qxe2 Bxf2+ 23. Kf1 Rxd1+ 24. Qxd1 Qxe4 25. Kxf2 h5 26. Nb6 Re8 27. Qf3 Qc2+ 28. Qe2 Qf5+ 29. Qf3 Qg6 30. Nc4 e4 31. Qe3 a4 32. Nd6 Re6 33.
Kg1 Kh7 34. h3 f6 35. Kh2 h4 36. Nc4 Qf5 37. Qe1 Qf4+ 38. g3 Qf3 39. Ne3 f5 40.
Ng2 e3 41. Nxh4 Qh5 42. Ng2 Qf3 43. Nh4 Qh5 44. Ng2 g5 45. Nxe3 Qf3 46. Bd2 f4 47.
gxf4 gxf4 48. Qh4+ Kg8 49. Qg5+ Kf7 50. Qf5+ Rf6 51.
Qh7+ Ke8 52. Qh8+ Kf7 53. Qh7+ Ke8 54. Qh8+ Kf7 55. Qh7+ 1/2-1/2

[Event "*** Titled Tuesday 3|2 Blitz"]
[Site "Chess.com"]
[Date "2016.01.05"]
[Round "3"]
[White "LePatronn"]
[Black "Recombinant"]
[Result "0-1"]
[WhiteElo "1824"]
[BlackElo "2186"]
[TimeControl "180+2"]
[EndTime "17:38:28 PST"]
[Termination "Recombinant won by resignation"]

1. e4 c5 2. Nf3 d6 3. Bb5+ Bd7 4. Bxd7+ Qxd7 5. O-O Nc6 6. c3 e6 7. d4 Nf6 8. d5 Ne5 9. Nxe5 dxe5 10. dxe6 Qxe6 11. Qe2 Bd6 12. Qb5+ Qd7 13. Qxd7+ Nxd7 14. Rd1 Ke7 15. Nd2 b5 16. a4 a6 17. b3 Nb6 18. a5 Nd7 19.
Rb1 Rhd8 20. b4 c4 21. Nf3 f6 22. Be3 g6 23. Rd5 Nf8 24. Bb6 Rd7 25. Rbd1 Bc7 26. Bc5+ Ke8 27. Bxf8 Rxd5 28. Rxd5 Kxf8 29. Rd7 Rd8 30. Rxd8+ Bxd8 31. Nd2 Kf7 32. Nf1 f5 33. f3 Ke6 34. Kf2 Bg5 35. Ke2 h5 36. Ne3 Bf4 37. Nd5 fxe4 38. fxe4 Kd6 39. Nxf4 exf4 40. h4 Ke6 41. Kf2 Kf6 42. Ke2 g5 43. hxg5+ Kxg5 44. Kf3 h4 45. e5 Kf5 46. e6 Kxe6 47. Kxf4 Kd5 48. Kf5 Kd6 49. Kg5 Ke5 50. Kxh4 Ke4 51. g4 Kd3 52. g5 Kxc3 53. g6 Kb2 54. g7 c3 55. g8=Q c2 56. Qg2 Kb1 57. Qe4 Kb2 58. Qe2 Kb1 59. Qd3 Kb2 60. Qd2 Kb1 61. Qd3 Kb2 62.
Qd4+ Kb1 63. Qe4 Kb2 64. Qe2 Kb1 65. Qd3 Kb2 66. Qd4+ Kb1 67. Qe4 Kb2 68. Qe5+ Kb1 69. Qf5 Kb2 70. Qf6+ Kb1 71. Qg6 Kb2 72. Qxa6 c1=Q 73.
Qf6+ Kb3 74. a6 Qc4+ 75. Kg5 Qxb4 76. Qf3+ Ka4 77. Qe4 Qxe4 0-1

[Event "*** Titled Tuesday 3|2 Blitz"]
[Site "Chess.com"]
[Date "2016.01.05"]
[Round "3"]
[White "GrigorGrigorov"]
[Black "mateueasily"]
[Result "1-0"]
[WhiteElo "2501"]
[BlackElo "2328"]
[TimeControl "180+2"]
[EndTime "17:39:11 PST"]
[Termination "GrigorGrigorov won by resignation"]

1. e4 c5 2. c3 Nf6 3. e5 Nd5 4. d4 cxd4 5. Nf3 d6 6. cxd4 Nc6 7. Bc4 Nb6 8. Bb5 dxe5 9. Nxe5 Bd7 10. Nxd7 Qxd7 11.
Nc3 e6 12. O-O Be7 13. Qg4 g5 14. Bxc6 bxc6 15. Rd1 Nd5 16. Ne4 h5 17. Qe2 g4 18.
Bg5 f6 19. Bh4 Kf7 20. Rac1 Nf4 21. Qd2 Ng6 22. Bg3 h4 23. Bf4 f5 24. Nc5 Qd5 25.
Re1 h3 26. f3 gxf3 27. Nxe6 hxg2 28. Bg3 Rag8 29. Ng5+ Bxg5 30. Qxg5 f2+ 31. Bxf2 Re8 32. Qxg2 Rxe1+ 33. Rxe1 Qxa2 34. Qxc6 Rg8 35. Qd7+ Ne7+ 36. Bg3 Re8 37. d5 Qa5 38. Qe6+ Kf8 39. Bd6 Qb6+ 40.
Kg2 Qb7 41. Qf6+ Kg8 42. Bxe7 Qxd5+ 43. Kf2 Qd2+ 44. Kf3 Qd3+ 45. Kf4 Qd2+ 46. Kxf5 Qf2+ 47. Kg6 Qg2+ 48. Qg5 Qc6+ 49. Kh5+ Kh7 50. Qf5+ Kh8 51. Bf6+ Kg8 52. Rxe8+ Qxe8+ 53. Qg6+ 1-0

[Event "*** Titled Tuesday 3|2 Blitz"]
[Site "Chess.com"]
[Date "2016.01.05"]
[Round "3"]
[White "aspired"]
[Black "jlandaw"]
[Result "1-0"]
[WhiteElo "2385"]
[BlackElo "2340"]
[TimeControl "180+2"]
[EndTime "17:39:13 PST"]
[Termination "aspired won by resignation"]

1. e4 e5 2. Nf3 Nc6 3. Nc3 Nf6 4. Bb5 Nd4 5. Ba4 Bd6 6. O-O O-O 7. d3 Nxf3+ 8.
Qxf3 h6 9. Ne2 c6 10. Ng3 Bc7 11.
Nf5 d5 12. Bb3 Re8 13. Re1 a5 14. c3 a4 15. Bc2 Bxf5 16. Qxf5 dxe4 17. dxe4 Bb6 18.
Qf3 Qd6 19. Rd1 Qe6 20. h3 Nh7 21. a3 Qg6 22. Be3 Ng5 23. Qg3 Bxe3 24. Qxe3 Ne6 25. Kh2 Qh5 26. Rd7 Nf4 27. Rxb7 Re6 28. Bd1 Qh4 29.
Bg4 Rg6 30. g3 Qg5 31. gxf4 exf4 32. Qf3 Rd8 33. Rd7 Rxd7 34. Bxd7 h5 35. Bf5 Rd6 36. Rg1 Qh6 37. Rd1 Qf6 38. Rxd6 Qxd6 39. Kg2 g6 40.
Bc8 Qd2 41. e5 Qxb2 42. e6 Qxa3 43. Qxf4 fxe6 44. Bxe6+ Kg7 45. Qe5+ Kh7 46. Qc7+ Kh6 47. Qf4+ Kg7 48. Qd4+ Kh7 49. Qd7+ Kh6 50. Qxc6 Qe7 51. Kf1 a3 52. Ba2 Qg5 53. Qe6 Qc1+ 54. Kg2 Qg5+ 55. Kf1 Qc1+ 56. Qe1 Qb2 57. Qe3+ Kh7 58. Qe7+ Kh6 59.
Qe6 Qc1+ 60. Kg2 Qg5+ 61. Kf3 Qd2 62. Qe3+ Qxe3+ 63. fxe3 Kg5 64. c4 Kf6 65. Ke4 g5 66. c5 Ke7 67. Kf5 1-0

[Event "*** Titled Tuesday 3|2 Blitz"]
[Site "Chess.com"]
[Date "2016.01.05"]
[Round "3"]
[White "jefferyx"]
[Black "LADIESGET2KNOWME"]
[Result "1/2-1/2"]
[WhiteElo "2535"]
[BlackElo "2288"]
[TimeControl "180+2"]
[EndTime "17:39:27 PST"]
[Termination "Game drawn by agreement"]

1. b4 Nf6 2. Bb2 g6 3. Bxf6 exf6 4. a3 f5 5. d4 d5 6. e3 c6 7. g3 Nd7 8. Bg2 Nf6 9. Ne2 Bd6 10. Nd2 O-O 11.
c4 dxc4 12. Nxc4 Ne4 13. O-O Qe7 14. Qc2 Be6 15. Nxd6 Nxd6 16. Nf4 Bc4 17. Rfc1 a5 18. Qc3 axb4 19. Qxb4 Ba6 20. d5 cxd5 21. Nxd5 Qe5 22. f4 Qe6 23. Qd4 Ne8 24. Rab1 Rd8 25. Rb6 Qd7 26. Qe5 f6 27. Qb2 Kg7 28. h3 Rf7 29. Kh2 Rc8 30. Rd1 Rc6 31. Rxc6 bxc6 32. Nc3 Qe6 33. e4 Nd6 34. Re1 fxe4 35. Nxe4 Nxe4 36. Rxe4 Qd6 37. Rd4 Qc5 38. Qb4 Qxb4 39. axb4 Bb5 40.
Rd6 Rb7 41. g4 Kf7 42. g5 fxg5 43. fxg5 Ke7 44. Rd4 Ra7 45. Re4+ Kd6 46. Rh4 Ra2 47. Kg3 Ra3+ 48. Kf2 Rb3 49. Rxh7 Rxb4 50. Rh6 Bd3 51. Ke3 Bf5 52. h4 Ke5 53. Bxc6 Rb3+ 54. Kd2 Kf4 55. Rh8 Rb6 56. Ba4 Rd6+ 57. Kc3 Kg3 58. Be8 Re6 59. Kd4 Kg4 60. Kd5 Re1 61. Kd6 Rh1 62. Ke7 Rxh4 63. Rxh4+ Kxh4 64. Kf6 Kh5 65. Bc6 Bd3 66. Bf3+ Kh4 67. Bd1 Be4 68. Be2 1/2-1/2

[Event "*** Titled Tuesday 3|2 Blitz"]
[Site "Chess.com"]
[Date "2016.01.05"]
[Round "3"]
[White "chessdude"]
[Black "DeviatkinAndrey"]
[Result "1/2-1/2"]
[WhiteElo "2344"]
[BlackElo "2483"]
[TimeControl "180+2"]
[EndTime "17:39:58 PST"]
[Termination "Game drawn by repetition"]

1. d4 d5 2. c4 c6 3. Nc3 Nf6 4. e3 g6 5. Nf3 Bg7 6. Be2 O-O 7. O-O Bg4 8. cxd5 cxd5 9. Qb3 Bc8 10. Bd2 b6 11.
Rac1 Bb7 12. a4 Nc6 13. Qa3 e6 14. b4 Re8 15. b5 Bf8 16. Qb2 Na5 17. Na2 Bd6 18.
Ne5 Qe7 19. Bb4 Rec8 20. Bxd6 Qxd6 21. Nb4 Rxc1 22. Rxc1 Rc8 23. Rxc8+ Bxc8 24. Nbc6 Nxc6 25. Nxc6 a5 26. Bd3 Kg7 27. h3 Bd7 28. Ne5 Qc7 29. Qa3 Be8 30. f4 Ng8 31. Kf2 f6 32. Nf3 Ne7 33.
g4 h6 34. h4 Nc8 35. g5 hxg5 36. hxg5 f5 37. Ne5 Nd6 38. Qa1 Kg8 39. Kg3 Kg7 40. Qh1 Kg8 41. Qe1 Kg7 42. Kf3 Nf7 43. Qh4 Nxe5+ 44. fxe5 Qc3 45. Be2 Qc2 46. Qe1 Qe4+ 47.
Kf2 Qh4+ 48. Kf1 Qh1+ 49. Kf2 Qh2+ 50. Kf1 Qh3+ 51. Kf2 Qh4+ 52. Kf1 Qxg5 53. Qc3 Qe7 54. Qc8 g5 55. Qb8 f4 56. exf4 gxf4 57. Qxb6 Bg6 58.
Qxa5 Qh4 59. Qc7+ Kh6 60. Qc8 Qh1+ 61. Kf2 Qh4+ 62. Kf1 Qh1+ 63. Kf2 Qh2+ 64. Kf1 Qh1+ 65. Kf2 Qh4+ 66. Kf1 Qh1+ 67. Kf2 Qh2+ 68. Kf1 Qh1+ 1/2-1/2

[Event "*** Titled Tuesday 3|2 Blitz"]
[Site "Chess.com"]
[Date "2016.01.05"]
[Round "3"]
[White "chess4life23"]
[Black "Penguininja"]
[Result "1-0"]
[WhiteElo "2149"]
[BlackElo "2139"]
[TimeControl "180+2"]
[EndTime "17:40:27 PST"]
[Termination "chess4life23 won by resignation"]

1. e4 e5 2. Nf3 Nc6 3. Bb5 f5 4. d3 fxe4 5. dxe4 Nf6 6. O-O Bc5 7. Nc3 d6 8. h3 O-O 9. Bg5 Be6 10.
Nd5 Kh8 11. c3 a6 12. Ba4 Bxd5 13. exd5 Ne7 14. b4 Bb6 15. c4 h6 16. Bh4 Nf5 17. Bc2 Nd4 18. Nxd4 Bxd4 19. Rc1 Qd7 20. Qd3 Qf7 21. Kh1 g5 22. Bg3 Ba7 23. Rce1 Qh7 24.
Qd2 Qf7 25. Bd3 Rae8 26. Qc2 Kg7 27. Re2 Nh5 28. Bh2 Nf4 29. Bxf4 Qxf4 30. Re4 Qf6 31. f3 Bd4 32. Rg4 Kf7 33. Re4 Kg7 34. Rg4 Kf7 35. c5 Rc8 36. Re4 b6 37. Bxa6 Ra8 38. Bc4 bxc5 39. bxc5 Bxc5 40. Rfe1 Kg7 41. Rg4 Ra3 42. Rge4 Rfa8 43. Bb3 R3a7 44. Rc4 Rb8 45. Rxc5 dxc5 46. Qxc5 Qd6 47. Qe3 Rab7 48. Qe4 Rb4 49. Qf5 Rf4 50. Qd3 Rd4 51. Qf5 Rf4 52. Qd3 Re8 53. Rc1 Rf7 54. Bc2 e4 55. fxe4 Qe5 56. Bb1 Ref8 57. Rg1 Re7 58. a4 Ra8 59. Bc2 Rd8 60. Qc4 Red7 61.
a5 Rf7 62. a6 Rff8 63. Ba4 Ra8 64. Bc6 Ra7 65. Bb7 Rb8 66. Rf1 Raxb7 67. axb7 Rxb7 68. Qc6 Rb8 69. Qd7+ Kh8 70. Qf5 Qd6 71. e5 Qe7 72. Qf6+ Qxf6 73. Rxf6 Kg7 74. Rc6 Rb7 75. d6 cxd6 76.
exd6 Rb1+ 77. Kh2 Rd1 78. Kg3 Rd4 79. Rc7+ Kf6 80. d7 Ke6 81. Ra7 Rxd7 82. Rxd7 Kxd7 83. Kg4 Ke6 84. Kh5 Kf5 85. Kxh6 Kf4 86. Kh5 Kf5 87. g3 Kf6 88. g4 1-0

[Event "*** Titled Tuesday 3|2 Blitz"]
[Site "Chess.com"]
[Date "2016.01.05"]
[Round "3"]
[White "pedromartinez91"]
[Black "tac49"]
[Result "0-1"]
[WhiteElo "2079"]
[BlackElo "2430"]
[TimeControl "180+2"]
[EndTime "17:41:07 PST"]
[Termination "tac49 won by resignation"]

1. e4 e5 2. Nf3 Nc6 3. Bb5 a6 4. Ba4 Nf6 5. O-O Be7 6. d3 d6 7. a3 Bg4 8. h3 Bxf3 9. Bxc6+ bxc6 10. Qxf3 O-O 11. Qg3 Nh5 12. Qg4 g6 13. Bh6 Re8 14.
Nd2 Bf8 15. Bg5 Qc8 16. Qxc8 Raxc8 17. Nc4 Ng7 18. Na5 Ne6 19. Be3 c5 20. b4 f5 21. f3 c6 22. bxc5 d5 23. exd5 cxd5 24. c6 Nd8 25. c4 Nxc6 26. Nb3 dxc4 27. dxc4 Red8 28. Rfd1 Nd4 29. Bxd4 exd4 30. Na5 d3 31. Kf1 Bh6 32. Rab1 Be3 33. Rb3 Bc5 34. Rbxd3 Rxd3 35. Rxd3 Rb8 36. g4 Rb2 37. a4 f4 38. h4 Be3 39. c5 Bxc5 40. Nc4 Rb4 41. Ne5 Rxa4 42. h5 gxh5 43. gxh5 Be3 44. h6 Rd4 45. Rb3 Rd8 46. Rb7 Bd4 47. Rg7+ Kf8 48. Rf7+ Ke8 49. Rf5 Rd5 50.
Rf7 Rxe5 51. Rxh7 Re6 52. Kg2 a5 53. Kh3 Rg6 54. Kh4 a4 55. Kh5 Rg3 56. Rb7 Rxf3 57. Rb4 Be5 58. Re4 Re3 59. Rxa4 Kf7 60. Ra7+ Ke6 61. h7 Rh3+ 62. Kg6 Rg3+ 63. Kh6 Kf5 64. Rf7+ Ke4 65. Re7 Rh3+ 66. Kg5 f3 67. Kg4 Rh1 68.
Rf7 Rg1+ 69. Kh3 Rg6 70. Kh4 Rh6+ 71. Kg5 Rh1 72. Kg4 Rg1+ 73. Kh3 Rg3+ 74. Kh4 Rg1 75. Re7 Rh1+ 76. Kg4 f2 77. Rf7 f1=Q 78. Rxf1 Rxf1 0-1

[Event "*** Titled Tuesday 3|2 Blitz"]
[Site "Chess.com"]
[Date "2016.01.05"]
[Round "4"]
[White "spirals5"]
[Black "UltimateCrusher2"]
[Result "1-0"]
[WhiteElo "2230"]
[BlackElo "2045"]
[TimeControl "180+2"]
[EndTime "17:44:51 PST"]
[Termination "spirals5 won by resignation"]

1. e4 d5 2. exd5 Qxd5 3. d4 Nf6 4. Nc3 Qd8 5. Bc4 Bf5 6. Nf3 e6 7. O-O h6 8. Ne5 Nbd7 9. Qf3 c6 10. Be3 Bd6 11.
Nxf7 Bg4 12. Nxd6+ Ke7 13. Qg3 Nb6 14. Nxb7 Qb8 15.
Qxb8 Raxb8 16. Na5 Nxc4 17. Nxc4 Nd5 18. Nxd5+ cxd5 19. Ne5 Bf5 20. Nc6+ 1-0

[Event "*** Titled Tuesday 3|2 Blitz"]
[Site "Chess.com"]
[Date "2016.01.05"]
[Round "4"]
[White "ChessChronicles123"]
[Black "jcgs1030"]
[Result "0-1"]
[WhiteElo "1696"]
[BlackElo "2194"]
[TimeControl "180+2"]
[EndTime "17:46:37 PST"]
[Termination "jcgs1030 won by resignation"]

1. Nf3 c5 2. g3 g6 3. Bg2 Bg7 4. O-O Nf6 5. c4 O-O 6. Nc3 Nc6 7. d3 d5 8. a3 dxc4 9. dxc4 Qxd1 10. Rxd1 Be6 11.
Nd5 Rfd8 12. Ng5 Bg4 13. f3 Bc8 14. Bf4 Nxd5 15. cxd5 Nd4 16. e3 Ne2+ 17. Kf2 Nxf4 18. gxf4 Bxb2 19. Rab1 Bxa3 20. e4 Bb4 21. e5 Bf5 22.
Ne4 b6 23. d6 exd6 24. exd6 Kg7 25. Bf1 a5 26. Bb5 a4 27. Ra1 a3 28. d7 Ra7 29. Rd5 Be6 30. Rd3 Bxd7 31. Rad1 a2 32. Bxd7 Raxd7 33. Rxd7 Rxd7 34. Ra1 Ra7 35. Nd6 Bc3 0-1

[Event "*** Titled Tuesday 3|2 Blitz"]
[Site "Chess.com"]
[Date "2016.01.05"]
[Round "4"]
[White "LADIESGET2KNOWME"]
[Black "Dlugy"]
[Result "1-0"]
[WhiteElo "2302"]
[BlackElo "2547"]
[TimeControl "180+2"]
[EndTime "17:46:41 PST"]
[Termination "LADIESGET2KNOWME won by resignation"]

1. d4 Nf6 2. Nf3 g6 3. c4 Bg7 4. Nc3 O-O 5. e4 d6 6. Be2 e5 7. O-O exd4 8. Nxd4 Re8 9. f3 c6 10. Be3 d5 11. cxd5 Nxd5 12. Nxd5 cxd5 13. Qb3 dxe4 14. Rad1 Qb6 15. Nb5 Be6 16. Bxb6 Bxb3 17. axb3 axb6 18. Nc7 exf3 19. Bxf3 Nc6 20. Nxa8 Rxa8 21. Rd7 Ne5 22. Rxb7 Nxf3+ 23. Rxf3 f5 24. Rd3 Bxb2 25. Rxb6 Ra7 26.
Rbd6 Ra3 27. Rd7 Bf6 28. Rb7 Ra8 29. Rdd7 h5 30. b4 g5 31. b5 f4 32. Kf1 g4 33. b6 Re8 34. Rbc7 Bh4 35. Rg7+ Kh8 36. Rh7+ Kg8 37. Rcg7+ Kf8 38. Rh8+ Kxg7 39. Rxe8 1-0

[Event "*** Titled Tuesday 3|2 Blitz"]
[Site "Chess.com"]
[Date "2016.01.05"]
[Round "4"]
[White "MinhGTrAn"]
[Black "Malev212"]
[Result "1-0"]
[WhiteElo "2549"]
[BlackElo "2285"]
[TimeControl "180+2"]
[EndTime "17:46:49 PST"]
[Termination "MinhGTrAn won by resignation"]

1. d4 Nf6 2. c4 b6 3. Nc3 Bb7 4. d5 e6 5. e4 Bb4 6. Bd3 Bxc3+ 7. bxc3 d6 8. Ne2 Nbd7 9. O-O Ne5 10. Nd4 Nxd3 11.
Qxd3 Qd7 12. Bg5 O-O-O 13. a4 a5 14. Rfb1 Rde8 15. Bxf6 gxf6 16. Rb2 Rhg8 17. f3 f5 18. Nb5 fxe4 19. fxe4 f5 20. exf5 exd5 21. cxd5 Re5 22. c4 Rxf5 23. Re1 Ba6 24. Na7+ Kb7 25. Nc6 Re8 26. Rxe8 Qxe8 27. Qxf5 1-0

[Event "*** Titled Tuesday 3|2 Blitz"]
[Site "Chess.com"]
[Date "2016.01.05"]
[Round "4"]
[White "Jahonas"]
[Black "calemcc"]
[Result "1-0"]
[WhiteElo "2104"]
[BlackElo "2042"]
[TimeControl "180+2"]
[EndTime "17:47:09 PST"]
[Termination "Jahonas won by checkmate"]

1. e4 e6 2. d4 d5 3. Nc3 Nf6 4. exd5 Nfd7 5. dxe6 fxe6 6. Bc4 Nb6 7. Bb3 Bb4 8. Nf3 O-O 9. O-O Kh8 10. Be3 Nd5 11.
Nxd5 exd5 12. Ng5 Bf5 13. Qh5 Bg6 14. Qh3 Be7 15. Ne6 Bf5 16. Nxd8 Bxh3 17. Nxb7 Be6 18. Nc5 Bxc5 19. dxc5 c6 20. Bd4 Nd7 21. Rae1 Rae8 22.
Re3 Bf7 23. Rfe1 Kg8 24. Rxe8 Rxe8 25. Rxe8+ Bxe8 26. c4 dxc4 27. Bxc4+ Kf8 28. f4 g6 29. Kf2 Ke7 30. b4 Nf8 31. a4 Ne6 32. Ke3 Bd7 33. Be5 Bc8 34. g3 g5 35. Bd6+ Kf6 36. b5 gxf4+ 37.
gxf4 Bb7 38. Bd3 h5 39. Be4 Nd8 40. f5 Kf7 41. Bc7 Ke8 42. Bxd8 Kxd8 43. Bxc6 Bxc6 44. bxc6 Kc7 45. f6 Kxc6 46. f7 Kxc5 47. f8=Q+ Kb6 48. Qe8 Ka5 49. Qb5# 1-0

[Event "*** Titled Tuesday 3|2 Blitz"]
[Site "Chess.com"]
[Date "2016.01.05"]
[Round "4"]
[White "HansCoolNiemann"]
[Black "Satoshi95"]
[Result "1-0"]
[WhiteElo "2231"]
[BlackElo "2105"]
[TimeControl "180+2"]
[EndTime "17:47:15 PST"]
[Termination "HansCoolNiemann won by resignation"]

1. d4 Nf6 2. c4 c5 3. d5 b5 4. cxb5 a6 5. f3 axb5 6. e4 Qa5+ 7. Nc3 b4 8. Nb5 d6 9. a4 Nbd7 10. b3 g6 11. Bb2 Bg7 12. Ne2 O-O 13. Ng3 Ne8 14.
Bxg7 Kxg7 15. Qd2 Nc7 16. Nxc7 Qxc7 17. h4 Ba6 18. Bxa6 Rxa6 19. h5 Rh8 20. Qg5 f6 21. Qd2 Ne5 22. hxg6 hxg6 23. Rxh8 Kxh8 24. Qh6+ Kg8 25.
f4 Nf7 26. Qxg6+ Kf8 27. Nf5 Nd8 28. Nh6 1-0